General information
- name: BNet
- type: Ladder team game (AT/RT)
- host: Battle.net
- saver: ThKingOfLevel1s
map: Battleground_LV
- players: 8
- length: 42:19
- speed: Fast
- version: 1.29 W3XP
- replay type: Public
» download(392 KB)
Players
team 1 (winner)

»
BigFoot (
green | 74 APM | 3117 actions | 42:13)
6 Dreadlord
3 Sleep
2 Vampiric Aura
1 Inferno
4 Death Knight
2 Death Coil
2 Unholy Aura
4 Lich
2 Frost Nova
2 Frost Armor
3 Mountain King
2 Storm Bolt
1 Bash
» actions
| Assign group hotkey | 251 | |
| Basic commands | 171 | |
| Build / train | 168 | |
| Enter build submenu | 32 | |
| Enter hero's abilities submenu | 17 | |
| Give item / drop item | 1 | |
| Remove unit from queue | 2 | |
| Right click | 1146 | |
| Select / deselect | 504 | |
| Select group hotkey | 687 | |
| Use ability | 138 | |
3117 total
» units
| Acolyte | 9 | |
| Ghoul | 22 | |
| Forest Troll Berserker | 1 | |
| Forest Troll Shadow Priest | 1 | |
| Gargoyle | 10 | |
| Rifleman | 19 | |
| Sorceress | 3 | |
| Spell Breaker | 17 | |
| Obsidian Statue | 4 | |
| Frost Wyrm | 4 | |
| Priest | 1 | |
| Siege Engine | 7 | |
| Mortar Team | 2 | |
100 total
» upgrades
| Cannibalize | 1 | |
| Unholy Strength | 3 | |
| Unholy Armor | 1 | |
| Ghoul Frenzy | 1 | |
| Creature Attack | 2 | |
| Creature Carapace | 2 | |
| Lumber Harvesting | 2 | |
| Destroyer Form | 1 | |
| Gunpowder | 1 | |
| Plating | 2 | |
| Fragmentation Shards | 1 | |
| Swords | 1 | |
18 total
» buildings
| Crypt | 2 | |
| Ziggurat | 13 | |
| Graveyard | 2 | |
| Altar of Darkness | 1 | |
| Tomb of Relics | 1 | |
| Halls of the Dead | 2 | |
| Nerubian Tower | 1 | |
| Black Citadel | 1 | |
| Spirit Tower | 4 | |
| Slaughterhouse | 1 | |
| Sacrificial Pit | 1 | |
| Boneyard | 1 | |
| Necropolis | 2 | |
| Guard Tower | 1 | |
| Farm | 5 | |
| Town Hall | 1 | |
39 total
» build order
00:11 Crypt
00:17 Ziggurat
00:43 Graveyard
00:45 Graveyard
00:59 Altar of Darkness
01:43 Ziggurat
01:50 Tomb of Relics
04:09 Halls of the Dead
04:37 Halls of the Dead
04:37 Halls of the Dead
05:00 Nerubian Tower
05:17 Ziggurat
06:51 Ziggurat
06:52 Ziggurat
06:57 Ziggurat
06:58 Ziggurat
06:59 Ziggurat
07:01 Black Citadel
07:52 Spirit Tower
07:54 Spirit Tower
08:03 Spirit Tower
08:38 Crypt
10:38 Spirit Tower
14:37 Slaughterhouse
16:14 Sacrificial Pit
18:59 Boneyard
23:11 Necropolis
23:15 Necropolis
23:25 Ziggurat
23:27 Ziggurat
23:28 Ziggurat
23:29 Ziggurat
23:29 Ziggurat
27:25 Guard Tower
29:02 Farm
29:02 Farm
29:03 Farm
29:03 Farm
29:36 Farm
29:42 Town Hall
» items
| Rod of Necromancy | 2 | |
| Potion of Healing | 7 | |
| Boots of Speed | 1 | |
| Potion of Lesser Invulnerability | 1 | |
| Orb of Corruption | 2 | |
| Scroll of Regeneration | 3 | |
| Scroll of Healing | 1 | |
| Scroll of Town Portal | 1 | |
18 total
ThKingOfLevel1s (
orange | 134 APM | 5665 actions | 42:19)
7 Archmage
3 Summon Water Elemental
3 Brilliance Aura
1 Mass Teleport
6 Mountain King
3 Storm Bolt
2 Bash
1 Avatar
2 Goblin Alchemist
1 Acid Bomb
1 Healing Spray
» actions
| Assign group hotkey | 99 | |
| Basic commands | 449 | |
| Build / train | 187 | |
| ESC pressed | 16 | |
| Enter build submenu | 50 | |
| Enter hero's abilities submenu | 15 | |
| Give item / drop item | 9 | |
| Right click | 1665 | |
| Select / deselect | 781 | |
| Select group hotkey | 2102 | |
| Use ability | 292 | |
5665 total
» units
| Peasant | 21 | |
| Footman | 3 | |
| Rifleman | 11 | |
| Dragonhawk Rider | 5 | |
| Mortar Team | 6 | |
| Priest | 4 | |
| Siege Engine | 2 | |
| Sorceress | 3 | |
55 total
» upgrades
| Gunpowder | 3 | |
| Armor | 3 | |
| Long Rifles | 1 | |
| Masonry | 3 | |
| Lumber Harvesting | 2 | |
| Swords | 3 | |
| Cloud | 1 | |
| Storm Hammers | 1 | |
| Animal War Training | 1 | |
| Priest Training | 2 | |
| Sorceress Training | 2 | |
| Plating | 3 | |
| Fragmentation Shards | 1 | |
| Flare | 1 | |
| Barrage | 1 | |
28 total
» buildings
| Altar of Kings | 1 | |
| Barracks | 1 | |
| Farm | 13 | |
| Arcane Vault | 1 | |
| Lumber Mill | 1 | |
| Keep | 2 | |
| Town Hall | 2 | |
| Blacksmith | 1 | |
| Scout Tower | 19 | |
| Arcane Tower | 2 | |
| Castle | 3 | |
| Guard Tower | 26 | |
| Gryphon Aviary | 2 | |
| Arcane Sanctum | 2 | |
| Workshop | 2 | |
78 total
» build order
00:57 Altar of Kings
00:58 Barracks
01:01 Farm
01:04 Farm
01:11 Farm
01:40 Farm
01:55 Arcane Vault
02:03 Farm
02:42 Lumber Mill
03:53 Keep
03:53 Keep
04:16 Town Hall
04:28 Blacksmith
05:06 Scout Tower
05:20 Farm
05:32 Arcane Tower
05:32 Arcane Tower
07:32 Castle
07:32 Castle
07:33 Castle
08:23 Scout Tower
08:24 Scout Tower
08:53 Guard Tower
08:53 Guard Tower
08:55 Scout Tower
09:29 Scout Tower
09:45 Scout Tower
09:56 Guard Tower
09:57 Guard Tower
10:17 Guard Tower
10:18 Guard Tower
10:28 Scout Tower
10:38 Scout Tower
10:39 Scout Tower
10:41 Scout Tower
11:21 Guard Tower
11:21 Guard Tower
11:23 Guard Tower
11:24 Guard Tower
11:37 Guard Tower
11:51 Guard Tower
11:51 Guard Tower
12:02 Scout Tower
12:04 Scout Tower
12:14 Scout Tower
12:28 Scout Tower
12:31 Scout Tower
12:42 Guard Tower
12:42 Guard Tower
12:59 Guard Tower
13:02 Guard Tower
13:02 Guard Tower
13:11 Guard Tower
13:11 Guard Tower
13:15 Guard Tower
13:15 Guard Tower
14:15 Scout Tower
14:19 Scout Tower
14:22 Scout Tower
14:40 Gryphon Aviary
15:04 Guard Tower
15:07 Guard Tower
15:07 Guard Tower
15:21 Farm
15:55 Gryphon Aviary
17:26 Guard Tower
18:31 Arcane Sanctum
18:32 Arcane Sanctum
19:09 Farm
19:11 Farm
19:58 Farm
20:00 Workshop
20:05 Scout Tower
21:28 Workshop
23:09 Farm
23:10 Farm
30:56 Town Hall
38:55 Farm
» items
| Scroll of Regeneration | 12 | |
| Mechanical Critter | 5 | |
| Boots of Speed | 2 | |
| Periapt of Vitality | 2 | |
| Potion of Healing | 4 | |
| Staff of Sanctuary | 1 | |
| Orb of Fire | 1 | |
| Scroll of Protection | 3 | |
| Potion of Lesser Invulnerability | 2 | |
| Scroll of Town Portal | 2 | |
| Lesser Clarity Potion | 1 | |
| Circlet of Nobility | 1 | |
36 total

»
OneGunn (
red | 42 APM | 799 actions | 19:09)
4 Archmage
2 Summon Water Elemental
2 Brilliance Aura
3 Dark Ranger
2 Black Arrow
1 Silence
» actions
| Assign group hotkey | 53 | |
| Basic commands | 3 | |
| Build / train | 65 | |
| Enter build submenu | 23 | |
| Enter hero's abilities submenu | 7 | |
| Give item / drop item | 1 | |
| Right click | 305 | |
| Select / deselect | 227 | |
| Select group hotkey | 69 | |
| Use ability | 46 | |
799 total
» units
| Peasant | 7 | |
| Footman | 6 | |
| Rifleman | 13 | |
| Flying Machine | 9 | |
| Knight | 5 | |
40 total
» upgrades
| Gunpowder | 1 | |
| Masonry | 2 | |
| Armor | 1 | |
| Flak Cannons | 1 | |
| Lumber Harvesting | 1 | |
| Flying Machine Bombs | 1 | |
| Barrage | 1 | |
8 total
» buildings
| Altar of Kings | 1 | |
| Farm | 10 | |
| Scout Tower | 4 | |
| Barracks | 2 | |
| Arcane Tower | 1 | |
| Lumber Mill | 1 | |
| Arcane Vault | 1 | |
| Blacksmith | 1 | |
| Guard Tower | 2 | |
| Keep | 1 | |
| Castle | 1 | |
| Workshop | 2 | |
| Gryphon Aviary | 1 | |
28 total
» build order
00:16 Altar of Kings
00:29 Farm
00:37 Scout Tower
00:52 Barracks
01:37 Arcane Tower
01:44 Lumber Mill
01:56 Farm
02:36 Arcane Vault
02:49 Farm
03:29 Scout Tower
03:44 Blacksmith
04:06 Guard Tower
05:09 Farm
07:05 Farm
07:29 Keep
08:05 Farm
08:48 Scout Tower
10:14 Guard Tower
10:16 Castle
10:20 Workshop
10:26 Barracks
10:37 Workshop
12:03 Gryphon Aviary
12:17 Farm
15:54 Farm
15:54 Farm
15:54 Farm
16:49 Scout Tower
» items
| Scroll of Regeneration | 1 | |
| Lesser Clarity Potion | 1 | |
| Orb of Corruption | 1 | |
3 total
Antrax221 (
purple | 46 APM | 522 actions | 11:23)
2 Mountain King
1 Storm Bolt
1 Bash
» actions
| Assign group hotkey | 10 | |
| Build / train | 39 | |
| Enter build submenu | 13 | |
| Enter hero's abilities submenu | 2 | |
| Right click | 233 | |
| Select / deselect | 81 | |
| Select group hotkey | 117 | |
| Use ability | 27 | |
522 total
» units
» upgrades
| Gunpowder | 2 | |
| Armor | 2 | |
| Long Rifles | 1 | |
5 total
» buildings
| Farm | 7 | |
| Altar of Kings | 1 | |
| Barracks | 1 | |
| Blacksmith | 1 | |
| Lumber Mill | 1 | |
| Keep | 1 | |
| Arcane Vault | 1 | |
| Arcane Sanctum | 1 | |
14 total
» build order
01:06 Farm
01:45 Altar of Kings
02:21 Barracks
02:40 Blacksmith
02:54 Farm
03:38 Farm
04:21 Farm
04:25 Lumber Mill
05:00 Farm
06:19 Keep
06:41 Farm
07:29 Farm
09:03 Arcane Vault
10:50 Arcane Sanctum
» items
| Boots of Speed | 1 | |
| Potion of Lesser Invulnerability | 1 | |
| Potion of Healing | 2 | |
| Potion of Mana | 1 | |
| Scroll of Regeneration | 1 | |
6 total
team 2 (loser)

»
eat_a_deck (
blue | 58 APM | 1755 actions | 30:14)
4 Archmage
2 Blizzard
2 Brilliance Aura
3 Paladin
2 Holy Light
1 Divine Shield
» actions
| Assign group hotkey | 25 | |
| Basic commands | 6 | |
| Build / train | 91 | |
| Enter build submenu | 32 | |
| Enter hero's abilities submenu | 7 | |
| Give item / drop item | 2 | |
| Remove unit from queue | 5 | |
| Right click | 789 | |
| Select / deselect | 448 | |
| Select group hotkey | 232 | |
| Use ability | 113 | |
1755 total
» units
| Peasant | 12 | |
| Footman | 9 | |
| Mortar Team | 3 | |
| Siege Engine | 8 | |
| Flying Machine | 5 | |
37 total
» upgrades
| Masonry | 3 | |
| Lumber Harvesting | 2 | |
| Flare | 1 | |
| Gunpowder | 3 | |
| Armor | 1 | |
| Fragmentation Shards | 1 | |
| Barrage | 1 | |
| Plating | 2 | |
| Flak Cannons | 1 | |
| Flying Machine Bombs | 1 | |
16 total
» buildings
| Altar of Kings | 1 | |
| Barracks | 1 | |
| Farm | 8 | |
| Lumber Mill | 2 | |
| Scout Tower | 16 | |
| Arcane Vault | 1 | |
| Arcane Tower | 3 | |
| Keep | 2 | |
| Guard Tower | 9 | |
| Blacksmith | 1 | |
| Gryphon Aviary | 1 | |
| Workshop | 4 | |
| Castle | 1 | |
| Town Hall | 2 | |
52 total
» build order
00:09 Altar of Kings
00:15 Barracks
00:29 Farm
00:46 Farm
01:30 Lumber Mill
01:44 Farm
02:05 Scout Tower
02:33 Arcane Vault
02:35 Arcane Tower
02:35 Arcane Tower
02:50 Scout Tower
03:54 Keep
03:54 Keep
04:06 Farm
04:07 Guard Tower
04:36 Blacksmith
05:09 Scout Tower
05:41 Guard Tower
05:47 Farm
05:48 Farm
06:19 Gryphon Aviary
06:27 Workshop
07:07 Farm
07:07 Farm
07:47 Workshop
08:42 Scout Tower
10:16 Castle
10:21 Scout Tower
12:27 Town Hall
12:32 Scout Tower
12:32 Scout Tower
12:40 Scout Tower
12:40 Scout Tower
13:31 Guard Tower
13:33 Guard Tower
13:52 Guard Tower
16:03 Workshop
18:29 Scout Tower
18:30 Scout Tower
18:32 Scout Tower
20:44 Guard Tower
23:31 Workshop
23:43 Scout Tower
23:44 Scout Tower
23:49 Scout Tower
23:51 Scout Tower
24:10 Guard Tower
24:30 Arcane Tower
24:44 Lumber Mill
24:47 Guard Tower
25:07 Guard Tower
26:14 Town Hall
» items
| Scroll of Regeneration | 4 | |
| Scroll of Town Portal | 4 | |
| Orb of Fire | 1 | |
9 total
GoldLust (
pink | 53 APM | 2233 actions | 42:13)
9 Blademaster
3 Wind Walk
3 Critical Strike
1 Bladestorm
2 Mirror Image
1 Tauren Chieftain
1 War Stomp
» actions
| Assign group hotkey | 45 | |
| Basic commands | 49 | |
| Build / train | 71 | |
| Enter build submenu | 51 | |
| Enter hero's abilities submenu | 10 | |
| Give item / drop item | 7 | |
| Remove unit from queue | 2 | |
| Right click | 1091 | |
| Select / deselect | 284 | |
| Select group hotkey | 412 | |
| Use ability | 211 | |
2233 total
» units
» upgrades
| Troll Regeneration | 1 | |
| Reinforced Defenses | 1 | |
| Ranged Weapons | 3 | |
| Armor | 4 | |
| Envenomed Spears | 1 | |
| Liquid Fire | 1 | |
| Spiked Barricades | 1 | |
12 total
» buildings
| Orc Burrow | 7 | |
| Altar of Storms | 1 | |
| Barracks | 1 | |
| Voodoo Lounge | 1 | |
| Stronghold | 1 | |
| War Mill | 2 | |
| Great Hall | 2 | |
| Watch Tower | 36 | |
| Fortress | 1 | |
| Beastiary | 4 | |
| Spirit Lodge | 1 | |
| Keep | 1 | |
58 total
» build order
00:14 Orc Burrow
01:07 Altar of Storms
01:09 Barracks
01:16 Orc Burrow
01:44 Voodoo Lounge
02:51 Stronghold
04:11 War Mill
04:31 Orc Burrow
04:43 Great Hall
07:05 Watch Tower
07:05 Watch Tower
07:05 Watch Tower
07:06 Watch Tower
07:40 Fortress
09:12 Watch Tower
09:12 Watch Tower
09:13 Watch Tower
09:14 Watch Tower
09:14 Watch Tower
09:17 Watch Tower
09:18 Watch Tower
11:38 Beastiary
11:38 Beastiary
11:40 Beastiary
11:43 Beastiary
13:15 War Mill
14:28 Watch Tower
14:28 Watch Tower
14:29 Watch Tower
14:30 Watch Tower
15:46 Watch Tower
15:48 Watch Tower
15:48 Watch Tower
18:17 Watch Tower
18:17 Watch Tower
18:18 Watch Tower
18:19 Watch Tower
18:20 Watch Tower
18:21 Watch Tower
23:52 Great Hall
23:55 Watch Tower
23:56 Watch Tower
23:56 Watch Tower
23:56 Watch Tower
24:02 Watch Tower
24:03 Watch Tower
24:07 Watch Tower
24:08 Watch Tower
25:17 Watch Tower
25:18 Watch Tower
25:20 Watch Tower
25:21 Watch Tower
26:37 Orc Burrow
26:48 Orc Burrow
27:08 Spirit Lodge
30:31 Orc Burrow
31:22 Orc Burrow
34:39 Keep
» items
| Healing Salve | 4 | |
| Scroll of Town Portal | 3 | |
| Lesser Clarity Potion | 5 | |
| Orb of Lightning | 1 | |
| Potion of Mana | 2 | |
| Staff of Teleportation | 1 | |
| Periapt of Vitality | 1 | |
| Potion of Healing | 1 | |
| Scroll of Protection | 1 | |
19 total

»
Flexible (
yellow | 102 APM | 3081 actions | 30:19)
9 Tauren Chieftain
3 Shockwave
3 Endurance Aura
1 Reincarnation
2 War Stomp
» actions
| Assign group hotkey | 35 | |
| Build / train | 96 | |
| Enter build submenu | 14 | |
| Enter hero's abilities submenu | 9 | |
| Give item / drop item | 2 | |
| Remove unit from queue | 1 | |
| Right click | 1532 | |
| Select / deselect | 297 | |
| Select group hotkey | 1017 | |
| Use ability | 78 | |
3081 total
» units
| Peon | 16 | |
| Wind Rider | 21 | |
| Shaman | 7 | |
44 total
» upgrades
| Ranged Weapons | 3 | |
| Shaman Training | 2 | |
| Envenomed Spears | 1 | |
| Armor | 3 | |
9 total
» buildings
| Altar of Storms | 1 | |
| Orc Burrow | 7 | |
| War Mill | 1 | |
| Voodoo Lounge | 1 | |
| Stronghold | 3 | |
| Great Hall | 1 | |
| Beastiary | 2 | |
| Fortress | 1 | |
| Spirit Lodge | 1 | |
18 total
» build order
00:07 Altar of Storms
00:21 Orc Burrow
01:35 Orc Burrow
02:16 War Mill
02:36 Voodoo Lounge
03:13 Stronghold
03:13 Stronghold
03:13 Stronghold
04:12 Orc Burrow
05:06 Great Hall
05:45 Beastiary
05:48 Beastiary
06:13 Fortress
06:47 Orc Burrow
07:07 Spirit Lodge
08:26 Orc Burrow
12:36 Orc Burrow
16:18 Orc Burrow
» items
| Healing Salve | 5 | |
| Lesser Clarity Potion | 4 | |
| Orb of Lightning | 1 | |
| Scroll of Speed | 1 | |
| Potion of Healing | 4 | |
| Potion of Lesser Invulnerability | 2 | |
| Scroll of Healing | 1 | |
| Scroll of Protection | 1 | |
19 total

»
Zippy (
teal | 49 APM | 1512 actions | 30:33)
6 Far Seer
3 Feral Spirit
3 Chain Lighting
» actions
| Assign group hotkey | 31 | |
| Basic commands | 221 | |
| Build / train | 128 | |
| ESC pressed | 15 | |
| Enter build submenu | 32 | |
| Enter hero's abilities submenu | 6 | |
| Right click | 382 | |
| Select / deselect | 437 | |
| Select group hotkey | 149 | |
| Use ability | 110 | |
1512 total
» units
| Peon | 29 | |
| Grunt | 4 | |
| Troll Headhunter/Berserker | 36 | |
| Shaman | 21 | |
| Tauren | 4 | |
94 total
» upgrades
| Armor | 1 | |
| Ranged Weapons | 3 | |
| Shaman Training | 3 | |
| Troll Regeneration | 1 | |
| Berserker Upgrade | 1 | |
| Melee Weapons | 1 | |
10 total
» buildings
| Altar of Storms | 3 | |
| Barracks | 4 | |
| Orc Burrow | 11 | |
| War Mill | 1 | |
| Voodoo Lounge | 1 | |
| Great Hall | 2 | |
| Stronghold | 1 | |
| Watch Tower | 1 | |
| Spirit Lodge | 1 | |
| Fortress | 1 | |
| Tauren Totem | 1 | |
27 total
» build order
00:06 Altar of Storms
00:08 Barracks
00:10 Altar of Storms
00:11 Barracks
00:23 Orc Burrow
02:03 Orc Burrow
02:41 War Mill
02:57 Voodoo Lounge
03:48 Orc Burrow
05:02 Great Hall
05:13 Stronghold
06:37 Orc Burrow
07:44 Watch Tower
07:54 Spirit Lodge
09:51 Fortress
09:59 Orc Burrow
13:51 Barracks
13:52 Tauren Totem
14:54 Orc Burrow
16:13 Orc Burrow
23:05 Altar of Storms
23:40 Orc Burrow
24:14 Orc Burrow
25:19 Barracks
27:58 Orc Burrow
28:01 Orc Burrow
28:49 Great Hall
» items
| Healing Salve | 4 | |
| Lesser Clarity Potion | 6 | |
| Potion of Healing | 3 | |
| Potion of Mana | 2 | |
15 total
Chat log
(09:46 / Allies) Antrax221: move ohj
(09:47 / Allies) Antrax221: wtfv
(10:10 / Allies) BigFoot: iDIOT
(10:12 / Allies) BigFoot: i was gonna coil
(10:21 / Allies) ThKingOfLevel1s: rage
(16:06 / Allies) OneGunn: omw
(17:33 / All) BigFoot: lol blue
(17:44 / All) Zippy: pinks got 7k gold
(17:48 / All) ThKingOfLevel1s: and I got 5k
(17:50 / All) ThKingOfLevel1s: quit whining
(17:56 / All) Zippy: nvm he's a troll, his name
(18:37 / All) GoldLust: yellow worrying about me but 1k lumber doesn'ts hare
(20:09 / All) GoldLust: no cooldown on sleep is bs
(20:39 / All) BigFoot: is a BM really complaining
(20:40 / All) BigFoot: about BS
(20:49 / All) GoldLust: is UD really gonna pull the BM card
(21:02 / All) GoldLust: a move fiends gonna pull the bm card with shade and nuke?
(21:09 / All) ThKingOfLevel1s: nerfed a billion times and they still whine abou tbm
(21:37 / Allies) ThKingOfLevel1s: lumber me if you got
(21:49 / Allies) ThKingOfLevel1s: ty
(22:37 / All) GoldLust: lol focus bm
(22:42 / All) GoldLust: while your base dies dipshit
(22:45 / All) BigFoot: lol
(22:50 / All) BigFoot: its 2v4
(22:57 / All) Flexible: 3 vs 2
(23:00 / All) Flexible: bm has no army
(23:04 / All) BigFoot: bm is an army.
(24:08 / Allies) BigFoot: come
(24:12 / Allies) ThKingOfLevel1s: one sec
(24:17 / Allies) ThKingOfLevel1s: getting 3rd priest
(24:19 / Allies) ThKingOfLevel1s: I got mass tp
(24:50 / Allies) BigFoot: nbvm
(25:01 / Allies) BigFoot: got cloud
(25:08 / Allies) ThKingOfLevel1s: yeah
(26:12 / Allies) BigFoot: cloud
(27:41 / All) GoldLust: Is Wayne Brady gonna have to choke a bitch?
(30:37 / Allies) BigFoot: lol
(30:45 / All) ThKingOfLevel1s: bad luck, bigfoot
(30:52 / All) ThKingOfLevel1s: looks like you're an extinct animal after all
(30:53 / Allies) BigFoot: ?
(30:53 / All) ThKingOfLevel1s: bitch
(32:08 / Allies) BigFoot: hahaha
(32:10 / Allies) BigFoot: i dont care
(32:11 / Allies) BigFoot: not my main
(32:12 / Allies) BigFoot: :D
(32:16 / Allies) BigFoot: my fuck around account
(32:18 / Allies) BigFoot: lets kill each other
(34:04 / All) BigFoot: k im gonna afk
(34:06 / All) BigFoot: kill all buildings
(34:11 / All) GoldLust: lawl
(34:14 / All) GoldLust: With pleasure
(34:18 / All) ThKingOfLevel1s: YES MA'AM
(36:28 / All) BigFoot: love waisting trolls time
(36:32 / All) BigFoot: its better than wc3
(36:43 / All) ThKingOfLevel1s: yes I wasn't planning on this to begin with or anything
(36:49 / All) ThKingOfLevel1s: you got me by surprise making me kill buildings
(37:13 / All) BigFoot: anyways, hows trollin going
(37:26 / All) BigFoot: sure tkaing a long time
(37:42 / All) GoldLust: taking a nap, everything's on autopilot
(37:44 / All) BigFoot: if only u didn't upgrade your armour plus 3
(38:22 / All) BigFoot: how bad did pink have to suck oranges dick
(38:25 / All) BigFoot: to get the w
(38:48 / All) GoldLust: We're not fags, if that's what you're implying. We're win repo men, okay? Life of a repo man is always intense
(38:54 / All) BigFoot: im serious
(38:57 / All) BigFoot: how was his dick
(38:58 / All) BigFoot: ?
(39:13 / All) ThKingOfLevel1s: you tell us, green
(39:15 / All) GoldLust: You think we care about the win? It's just business, Win Repo Men got a job to do
(39:16 / All) ThKingOfLevel1s: it's your fantasy
(39:42 / All) ThKingOfLevel1s: any last words bigfoot?
(39:53 / Allies) BigFoot: Smile
(39:55 / All) BigFoot: your on camera
(39:59 / All) ThKingOfLevel1s: are we?
(40:04 / All) BigFoot: twitch
(40:04 / All) ThKingOfLevel1s: you a big streamer?
(40:05 / All) BigFoot: haha
(40:07 / All) GoldLust: candid camera?
(40:13 / All) ThKingOfLevel1s: highper.ch check out our backstabbing replays
(40:15 / All) GoldLust: HEY MOM IM ON TV
(40:41 / All) ThKingOfLevel1s: what;s your twitch
(40:55 / All) BigFoot: no twitch u fucking idiot
(40:57 / All) BigFoot: lmao
(41:14 / All) GoldLust: ?
(41:20 / All) ThKingOfLevel1s: I want to see your 3 viewer stream
(41:21 / All) BigFoot: it a troll
(41:27 / All) BigFoot: okay okay
(41:30 / All) BigFoot: knock knock
(41:31 / All) GoldLust: You say we're on twitch, get asked what it is, "NO TWITCH U IDIOT! ITS A TROLL! GOT U!"
(41:35 / All) GoldLust: K...
(41:39 / All) BigFoot: knock knock
(41:46 / All) GoldLust: Go away, you're gay
(41:49 / All) GoldLust: No punks on my lawn
(41:57 / All) BigFoot: Knock Knock
(42:06 / All) GoldLust: I'm calling the police